 Dungeon Crawl Stone Soup version 0.16.1-18-g436b03c (webtiles) character file.

9170 Upjohns the Blocker (level 11, -4/93 HPs)
             Began as a Minotaur Fighter on May 5, 2015.
             Was the Champion of Cheibriados.
             Slain by an orc knight
             ... wielding a +0 long sword
              (14 damage)
             ... on level 4 of the Orcish Mines.
             The game lasted 01:01:38 (12257 turns).

Upjohns the Blocker (Minotaur Fighter)             Turns: 12257, Time: 01:01:38

Health: -4/93      AC: 13    Str: 39    XL:     11   Next: 19%
Magic:  5/5        EV: 20    Int: 20    God:    Cheibriados [******]
Gold:   1271       SH: 16    Dex: 28    Spells: 0 memorised, 10 levels left

rFire  x . .     SeeInvis .     v - +2 falchion (protect)
rCold  + + .     Clarity  .     b - +0 scale mail
rNeg   . . .     SustAb   .     c - +0 shield
rPois  .         Gourm    .     (helmet restricted)
rElec  .         Spirit   .     (no cloak)
rCorr  .         Warding  .     (no gloves)
rMut   .         Stasis   .     (no boots)
MR     .....                    k - amulet of faith
Stlth  ++........               I - ring of Hoog {Wiz rC+ Dex+3}
                                F - ring of ice

@: very slow, not resistant to hostile enchantments, unstealthy
A: retaliatory headbutt, horns 2
a: Bend Time, Temporal Distortion, Slouch, Step From Time, Renounce Religion


You were on level 4 of the Orcish Mines.
You worshipped Cheibriados.
Cheibriados was exalted by your worship.
You were not hungry.

You visited 3 branches of the dungeon, and saw 14 of its levels.

You collected 1271 gold pieces.

Inventory:

Hand weapons
 a - a +0 trident
 r - a +0 dagger of electrocution
 s - a +0 hand crossbow
 v - a +2 falchion of protection (weapon)
 A - a +0 hammer
 K - a +0 greatsling
 L - a +0 short sword of draining
 M - a +1 dagger of holy wrath
 O - a +0 dire flail
 U - a +0 hand axe of freezing
Missiles
 t - 15 bolts (quivered)
 R - 4 tomahawks of returning
Armour
 b - a +0 scale mail (worn)
 c - a +0 shield (worn)
 x - a +1 helmet
 C - a +0 cloak
 W - a +0 pair of boots
Magical staves
 D - an uncursed staff of energy {unknown}
Jewellery
 k - an amulet of faith (around neck)
 F - a ring of ice (left hand)
 H - a cursed ring of flight
 I - the ring of Hoog (right hand) {Wiz rC+ Dex+3}
   (You found it on level 6 of the Dungeon)

   [ring of wizardry]

   It improves your spell success rate.
   It affects your dexterity (+3).
   It protects you from cold.
 S - an uncursed ring of poison resistance {unknown}
Magical devices
 g - a wand of slowing (39)
 j - a wand of heal wounds (0)
 V - a wand of magic darts (35)
Scrolls
 f - 8 scrolls of teleportation
 i - 2 scrolls of enchant weapon
 m - 10 scrolls of identify
 y - 4 scrolls of remove curse
 z - a scroll of random uselessness
 N - 2 scrolls of fear
Potions
 e - a potion of might
 n - a potion of haste
 o - 6 potions of curing {unknown}
 p - a potion of invisibility {unknown}
 q - 3 potions of poison {unknown}
 w - 2 potions of heal wounds {unknown}
 B - a potion of beneficial mutation {unknown}
 E - a potion of berserk rage {unknown}
 G - 2 potions of brilliance {unknown}
 J - a potion of flight {unknown}
 T - a potion of ambrosia {unknown}
 Y - a potion of mutation {unknown}
Books
 l - a book of Party Tricks

   Spells                             Type                      Level
   a - Summon Butterflies             Summoning                    1
   b - Apportation                    Translocation                1
   c - Tukima's Dance                 Hexes                        3
   d - Alistair's Intoxication        Transmutation/Poison         4
   e - Invisibility                   Hexes                        6
 P - a book of Frost

   Spells                             Type                      Level
   a - Freeze                         Ice                          1
   b - Throw Frost                    Conjuration/Ice              2
   c - Ozocubu's Armour               Charms/Ice                   3
   d - Throw Icicle                   Conjuration/Ice              4
   e - Summon Ice Beast               Ice/Summoning                4
   f - Condensation Shield            Ice                          4
 Z - a book of Power

   Spells                             Type                      Level
   a - Fulminant Prism                Conjuration/Hexes            4
   b - Iskenderun's Mystic Blast      Conjuration                  4
   c - Venom Bolt                     Conjuration/Poison           5
   d - Bolt of Magma                  Conjuration/Fire/Earth       5
   e - Iron Shot                      Conjuration/Earth            6
   f - Orb of Destruction             Conjuration                  7
   g - Spellforged Servitor           Conjuration/Summoning        7
Comestibles
 d - 4 bread rations
 u - 2 meat rations
 Q - 7 slices of pizza


   Skills:
 + Level 7.7 Fighting
 + Level 7.9 Long Blades
 + Level 4.2 Polearms
 + Level 9.5 Armour
 + Level 8.6 Dodging
 + Level 2.9 Stealth
 + Level 11.8 Shields
 + Level 1.0 Evocations


You had 10 spell levels left.
You didn't know any spells.

Dungeon Overview and Level Annotations

Branches:
Dungeon (9/15)             Temple (1/1) D:6             Orc (4/4) D:9
    Elf (0/3) Orc:4
   Lair: D:8-11

Altars:
Ashenzari
Cheibriados
Dithmenos
Elyvilon
Gozag
Kikubaaqudgha
Makhleb
Nemelex Xobeh
Okawaru
Qazlal
Ru
Sif Muna
Trog
Vehumet
Xom
Yredelemnul
Zin
The Shining One
Beogh

Shops:
D:5 (   Orc:1 [


Innate Abilities, Weirdness & Mutations

You reflexively headbutt those who attack you in melee.
You have a pair of horns on your head.


Message History

You block the orc knight's attack. You block the orc warrior's attack.
The orc priest becomes somewhat translucent.
You block the orc's attack.
You hit the orc warrior. You headbutt the orc warrior!
You kill the orc warrior!
Cheibriados thoroughly appreciates the change of pace.
The orc knight roars a battlecry!
The orc knight hits you with a long sword!
* * * LOW HITPOINT WARNING * * *
Zapping:
j - a wand of heal wounds {zapped: 6} (will waste charges)
Press: ? - help, Shift-Dir - straight line, f - you Nothing appears to happen.
The orc misses you. The orc priest completely misses you.
The orc knight roars a battlecry!
The orcs go into a battle-frenzy!
You block the orc knight's attack. You block the orc knight's attack.
You block the orc knight's attack. You block the orc warrior's attack.
The orc knight hits you with a long sword!
You die...

#.....##.......# #..### ###
##.............###....#####..
#...............#............
#...................########
#..........#####...## #...
##...).....##...##...## #.## .
#(.........#.....#....## #.#.
...##(........o#o._..#...#)###.#.
.....(..†....ooo@....#..#.))#..#.
#.............o##...##..#..)†..#.
...............)#####.....)##..#'
....................).....####...
..........................#.#....
.................................
.#....................#..........
#....................##..#......
..........#........##.##.#...


You could see an orc knight, an orc warrior (frenzied), an orc priest
(frenzied), an orc wizard and 2 orcs.

Vanquished Creatures
  An orc high priest (Orc:4)
  A hill giant (D:7)
  2 trolls
  2 two-headed ogres
  Eustachio (D:4)
  A hungry ghost (D:7)
  2 wargs (Orc:4)
  3 ice beasts
  8 ogres
  3 necrophages
  2 phantoms
  19 orc warriors
  Blork the orc (D:7)
  7 giant frogs
  3 scorpions
  4 killer bees (D:8)
  2 vampire bats (D:4)
  An electric eel (Orc:3)
  5 crimson imps
  2 goliath beetles
  A centaur zombie (D:5)
  A quasit (D:9)
  4 giant frog zombies
  A hound (D:9)
  24 orc wizards
  Crazy Yiuf (D:5)
  28 orc priests
  An iguana (D:3)
  A centaur skeleton (D:9)
  3 worker ants
  A killer bee zombie (D:7)
  A hound zombie (D:5)
  4 hound skeletons
  6 adders
  7 gnolls
  A worm (D:5)
  An adder zombie (D:7)
  7 giant geckos
  131 orcs
  17 bats
  5 bat skeletons
  5 bat zombies
  11 giant cockroaches
  18 goblins
  18 hobgoblins
  14 kobolds
  An ooze (D:6)
  A giant cockroach zombie (D:5)
  A giant gecko skeleton (D:5)
  8 giant newts
  A giant spore (D:8)
  11 jackals
  A jackal zombie (D:5)
  2 quokkas
  A quokka skeleton (D:5)
  2 quokka zombies
  17 rats
  12 ballistomycetes (D:8)
  A bush (Temple)
  A plant (Temple)
442 creatures vanquished.

Vanquished Creatures (others)
  14 giant spores
  3 ballistomycetes (D:8)
17 creatures vanquished.

Grand Total: 459 creatures vanquished

Notes
Turn   | Place    | Note
--------------------------------------------------------------
     0 | D:1      | Upjohns, the Minotaur Fighter, began the quest for the Orb.
     0 | D:1      | Reached XP level 1. HP: 19/19 MP: 1/1
    64 | D:1      | Reached XP level 2. HP: 17/27 MP: 1/1
    85 | D:1      | Reached skill level 4 in Shields
   554 | D:1      | Reached XP level 3. HP: 31/33 MP: 2/2
   864 | D:2      | Found a snail-covered altar of Cheibriados.
   875 | D:2      | Became a worshipper of Cheibriados the Contemplative
  1350 | D:3      | Acquired Cheibriados' first power
  1436 | D:3      | Reached XP level 4. HP: 40/40 MP: 2/2
  1485 | D:3      | Reached skill level 1 in Dodging
  1978 | D:3      | Reached XP level 5. HP: 46/46 MP: 2/2
  2054 | D:3      | Found a burning altar of Makhleb.
  2054 | D:3      | Found a shimmering altar of Xom.
  2062 | D:3      | Reached skill level 5 in Armour
  2062 | D:3      | Reached skill level 5 in Shields
  2370 | D:4      | Noticed an ogre
  2383 | D:4      | Killed an ogre
  2383 | D:4      | Reached XP level 6. HP: 48/53 MP: 3/3
  2426 | D:4      | Found an opulent altar of Gozag.
  2499 | D:4      | Reached skill level 1 in Stealth
  2808 | D:4      | Found an iron altar of Okawaru.
  2873 | D:4      | Noticed Eustachio
  2888 | D:4      | Killed Eustachio
  2888 | D:4      | Reached skill level 5 in Fighting
  2888 | D:4      | Reached skill level 6 in Armour
  2888 | D:4      | Reached XP level 7. HP: 35/61 MP: 3/3
  3116 | D:4      | Found an ancient bone altar of Kikubaaqudgha.
  3262 | D:4      | Acquired Cheibriados' second power
  3591 | D:5      | Entered Level 5 of the Dungeon
  3871 | D:5      | Noticed Crazy Yiuf
  3877 | D:5      | Killed Crazy Yiuf
  3976 | D:5      | Found a shattered altar of Ashenzari.
  4082 | D:5      | Found a stormy altar of Qazlal.
  4083 | D:5      | Found a deep blue altar of Sif Muna.
  4187 | D:5      | Reached skill level 1 in Long Blades
  4226 | D:5      | Acquired Cheibriados' third power
  4395 | D:5      | Found a bloodstained altar of Trog.
  4523 | D:5      | Found Gros' Antique Weapon Shoppe.
  4652 | D:6      | Reached XP level 8. HP: 69/69 MP: 3/3
  4716 | D:6      | Reached skill level 7 in Shields
  4925 | D:6      | Found a staircase to the Ecumenical Temple.
  4960 | D:6      | Got a steaming bone ring
  4963 | D:6      | Identified the ring of Hoog {Wiz rC+ Dex+3} (You found it on level 6 of the Dungeon)
  4993 | Temple   | Entered the Ecumenical Temple
  5548 | D:6      | Acquired Cheibriados' fourth power
  5715 | D:6      | Reached skill level 5 in Dodging
  6071 | D:7      | Reached skill level 8 in Shields
  6071 | D:7      | Reached XP level 9. HP: 62/75 MP: 4/4
  6159 | D:7      | Noticed a hill giant
  6168 | D:7      | Killed a hill giant
  6168 | D:7      | Reached skill level 5 in Long Blades
  6713 | D:7      | Reached skill level 9 in Shields
  6745 | D:7      | Found an opulent altar of Gozag.
  6887 | D:7      | Noticed Blork the orc
  6896 | D:7      | Killed Blork the orc
  7443 | D:8      | Reached XP level 10. HP: 73/84 MP: 5/5
  8060 | D:8      | Reached skill level 10 in Shields
  9429 | D:9      | Found a staircase to the Orcish Mines.
  9467 | Orc:1    | Entered Level 1 of the Orcish Mines
  9532 | Orc:1    | Found Syraku's Antique Armour Boutique.
  9929 | Orc:1    | Found a roughly hewn altar of Beogh.
 11105 | Orc:4    | Entered Level 4 of the Orcish Mines
 11135 | Orc:4    | Reached skill level 11 in Shields
 11291 | Orc:4    | Found a roughly hewn altar of Beogh.
 11605 | Orc:4    | Found a roughly hewn altar of Beogh.
 11608 | Orc:4    | Noticed an orc high priest
 11637 | Orc:4    | Killed an orc high priest
 11637 | Orc:4    | Reached skill level 1 in Evocations
 11637 | Orc:4    | Reached XP level 11. HP: 34/92 MP: 5/5
 11908 | Orc:4    | Found a staircase to the Elven Halls.
 11910 | Orc:4    | Found a roughly hewn altar of Beogh.
 12207 | Orc:4    | Found a roughly hewn altar of Beogh.
 12228 | Orc:4    | Noticed an orc knight
 12257 | Orc:4    | Slain by an orc knight

Action                   |  1- 3 |  4- 6 |  7- 9 | 10-12 || total
-------------------------+-------+-------+-------+-------++-------
Melee: Trident           |   133 |    80 |       |       ||   213
       Falchion          |       |    20 |   353 |   452 ||   825
Evoke: Wand              |       |     2 |       |     4 ||     6
  Use: Scroll            |       |       |     9 |     5 ||    14
 Stab: Distracted        |       |     1 |       |       ||     1
       Sleeping          |       |       |     1 |     2 ||     3
  Eat: Bread ration      |     1 |     1 |     2 |     1 ||     5
       Fruit             |       |       |       |     2 ||     2
       Beef jerky        |       |       |       |     1 ||     1
       Pizza             |       |       |       |     1 ||     1
